 Dungeon Crawl Stone Soup version 0.27-a0-1188-g73eefd5def (webtiles) character file.

Game seed: 15499974146181223285

2723 siradein the Carver (level 9, 0/49 HPs)
             Began as a Vampire Fighter on May 20, 2021.
             Was an Initiate of Nemelex Xobeh.
             Succumbed to a gnoll sergeant's poison
             ... on level 7 of the Dungeon on May 21, 2021.
             The game lasted 00:33:01 (9830 turns).

siradein the Carver (Vampire Fighter)               Turns: 9830, Time: 00:33:02

Health: 0/49       AC: 11    Str: 18    XL:     9   Next: 40%
Magic:  13/13      EV:  8    Int: 11    God:    Nemelex Xobeh [......]
Gold:   306        SH:  9    Dex: 13    Spells: 8/8 levels left

rFire    . . .     SeeInvis +   a - +0 long sword
rCold    . . .     Faith    .   c - +0 kite shield
rNeg     . . .     Spirit   .   H - +0 steam dragon scales
rPois    +         Reflect  .   C - +0 helmet
rElec    .         Harm     .   E - +0 cloak
rCorr    .         Rampage  .   (no gloves)
Will     .....                  (no boots)
Stlth    +.........             (no amulet)
HPRegen  0.36/turn              l - +4 ring of protection
MPRegen  0.13/turn              F - ring of poison resistance

@: lethally poisoned (0 -> -9), healing quickly
A: alive, fangs 3, see invisible, vampiric 2, [frail 2]
a: Exsanguinate, Renounce Religion, Draw Escape, Draw Destruction, Draw
Summoning


You were on level 7 of the Dungeon.
You worshipped Nemelex Xobeh.
Nemelex Xobeh was noncommittal.
You visited 2 branches of the dungeon, and saw 8 of its levels.

You collected 306 gold pieces.

Inventory:

Hand Weapons
 a - a +0 long sword (weapon)
Missiles
 k - 10 silver boomerangs
 y - 29 poisoned darts (quivered)
Armour
 c - a +0 kite shield (worn)
 C - a +0 helmet (worn)
 E - a +0 cloak (worn)
 H - +0 steam dragon scales (worn)
Jewellery
 l - a +4 ring of protection (left hand)
 t - a ring of flight
 B - a ring of fire
 F - a ring of poison resistance (right hand)
 G - a +4 ring of protection
Scrolls
 h - 3 scrolls of enchant armour
 j - a scroll of fear {unknown}
 m - 2 scrolls of vulnerability {unknown}
 o - a scroll of immolation
 p - 2 scrolls of amnesia {unknown}
 u - 2 scrolls of teleportation {unknown}
 v - a scroll of enchant weapon {unknown}
 z - 2 scrolls of noise {unknown}
 D - a scroll of torment {unknown}
Potions
 d - 2 potions of might
 e - a potion of flight {unknown}
 f - a potion of heal wounds
 g - a potion of mutation {unknown}
 i - 5 potions of curing
 n - a potion of brilliance {unknown}
 q - a potion of magic {unknown}
 r - a potion of ambrosia {unknown}
 s - a potion of lignification {unknown}
 w - a potion of invisibility {unknown}
 x - a potion of haste {unknown}
 A - 3 potions of degeneration {unknown}


   Skills:
 - Level 2.6 Fighting
 + Level 11.4 Long Blades
 - Level 2.4 Armour
 - Level 2.6 Shields
 * Level 5.3 Invocations


You had 8 spell levels left.
You didn't know any spells.
Your spell library was empty.

Dungeon Overview and Level Annotations

Branches:
Dungeon (7/15)             Temple (1/1) D:6

Altars:
Ashenzari
Cheibriados
Dithmenos
Elyvilon
Gozag
Kikubaaqudgha
Makhleb
Nemelex Xobeh
Okawaru
Ru
Sif Muna
Trog
Uskayaw
Vehumet
Wu Jian
Xom
Yredelemnul
Zin
The Shining One

Shops:
D:3 =

Annotations:
D:4 2 transporters, tehphobia's ghost, amateur GnFE
D:5 2 runed translucent doors, tehphobia's ghost, novice GnVM


Innate Abilities, Weirdness & Mutations

Your natural rate of healing is accelerated.
You have razor-sharp teeth.
You have supernaturally acute eyesight. (SInv)
You are afflicted with vampirism and can become a bat while bloodless.
[You are very frail. (-20% HP)]


Message History

You feel sick.
You feel sick.
You feel sick.
You feel sick.
You feel sick.
The gnoll sergeant hits you with a +3 trident of venom!
You are more poisoned.
You closely miss the gnoll sergeant.
The gnoll sergeant is heavily wounded.
You feel very sick.
The gnoll sergeant hits you with a +3 trident of venom.
You are lethally poisoned!
You closely miss the gnoll sergeant.
You bite the gnoll sergeant, but do no damage.
The gnoll sergeant is heavily wounded.
You feel very sick.
The gnoll sergeant hits you with a +3 trident of venom.
* * * LOW HITPOINT WARNING * * *
You are more poisoned.
You feel much better.
You feel extremely sick. You block the gnoll sergeant's attack.
You remove your ring of flight.
You float gracefully downwards.
You feel very sick.
F - a ring of poison resistance (right hand)
* * * LOW HITPOINT WARNING * * *
You feel very sick.
The gnoll sergeant hits you but does no damage.
You hit the gnoll sergeant.
The gnoll sergeant is severely wounded.
* * * LOW HITPOINT WARNING * * *
You feel very sick.
The gnoll sergeant hits you but does no damage.
* * * LOW HITPOINT WARNING * * *
You feel very sick. The gnoll sergeant barely misses you.
* * * LOW HITPOINT WARNING * * *
You feel very sick.
You die...
Your body disappears without a glow.

#.........#
#.........#
#.........####
#............#
......)....#.##
#.....).......#
#.............##
#.........#.#..####
#...............@.#
####.####.#.#.###.#
#.# #.....# #.#
##'## ####### #g#
##.[)## #.#
##.....## ####g#
#......<## ##.##g#
.(.....).####...#.#
.........'.gg.....#


You could see a gnoll sergeant and 2 gnolls.

Vanquished Creatures
  A steam dragon (D:6)
  Menkaure (D:5)
  A water moccasin (D:6)
  An orc warrior (D:5)
  3 ice beasts
  4 black bears
  A sky beast (D:5)
  A necrophage (D:6)
  3 ogres (D:6)
  A phantom (D:6)
  A kobold brigand (D:4)
  A bullfrog (D:5)
  2 scorpions
  A wyvern zombie (D:6)
  A wyvern skeleton (D:6)
  A centaur zombie (D:4)
  2 jellies (D:6)
  Crazy Yiuf (D:2)
  2 centaur skeletons
  3 orc priests
  2 iguanas
  4 orc wizards
  3 hound zombies
  A hound skeleton (D:5)
  9 adders
  5 gnolls
  A white imp (D:5)
  An ufetubus (D:7)
  2 adder zombies
  3 worms
  2 dart slugs
  15 orcs
  5 bats
  7 endoplasms
  8 giant cockroaches
  2 goblins
  8 hobgoblins
  10 jackals
  2 quokkas (D:1)
  5 ball pythons
  5 frilled lizards
  A jackal skeleton (D:4)
  22 kobolds
  5 rats
160 creatures vanquished.

Vanquished Creatures (others)
  27 plants (D:4)
27 creatures vanquished.

Grand Total: 187 creatures vanquished

Notes
Turn   | Place    | Note
-------+----------+-------------------------------------------
     0 | D:1      | siradein the Vampire Fighter began the quest for the Orb.
     0 | D:1      | Reached XP level 1. HP: 17/17 MP: 1/1
   151 | D:1      | Reached XP level 2. HP: 23/23 MP: 2/2
   248 | D:1      | Reached skill level 3 in Long Blades
   396 | D:1      | Found a faded altar of an unknown god.
   725 | D:1      | Gained mutation: You are afflicted with vampirism and can
                  | become a bat while bloodless. [Vampire growth]
   725 | D:1      | Reached XP level 3. HP: 23/28 MP: 3/3
   931 | D:2      | Reached skill level 4 in Long Blades
  1003 | D:2      | Found a runed translucent door.
  1004 | D:2      | Noticed Crazy Yiuf
  1124 | D:2      | Reached XP level 4. HP: 33/34 MP: 4/4
  1595 | D:3      | Found Fuarer's Jewellery Shop.
  2401 | D:4      | Found a transporter.
  2404 | D:4      | Found a transporter.
  2404 | D:4      | Noticed tehphobia's ghost (amateur GnFE)
  2414 | D:4      | Reached skill level 5 in Long Blades
  2418 | D:4      | Reached XP level 5. HP: 9/39 MP: 5/5
  2827 | D:4      | Reached skill level 6 in Long Blades
  3027 | D:4      | Reached XP level 6. HP: 32/46 MP: 6/6
  3538 | D:4      | Found a basalt altar of Yredelemnul.
  3736 | D:4      | Reached skill level 7 in Long Blades
  4295 | D:5      | Entered Level 5 of the Dungeon
  4367 | D:5      | Noticed Menkaure
  4397 | D:5      | Found a bloodstained altar of Trog.
  4422 | D:5      | Noticed a sky beast
  4514 | D:4      | Reached XP level 7. HP: 46/51 MP: 7/7
  4536 | D:5      | Killed Menkaure
  4537 | D:5      | Reached skill level 8 in Long Blades
  4562 | D:5      | Found a runed translucent door.
  4565 | D:5      | Noticed tehphobia's ghost (novice GnVM)
  4977 | D:5      | Reached skill level 9 in Long Blades
  5281 | D:5      | Found a runed translucent door.
  5652 | D:5      | Reached XP level 8. HP: 33/45 MP: 8/8
  5759 | D:6      | Reached skill level 10 in Long Blades
  5817 | D:6      | Found a burning altar of Makhleb.
  6005 | D:6      | Found a staircase to the Ecumenical Temple.
  6010 | Temple   | Entered the Ecumenical Temple
  6349 | D:2      | Killed Crazy Yiuf
  6818 | D:6      | Found a sparkling altar of Nemelex Xobeh.
  6946 | D:6      | Became a worshipper of Nemelex Xobeh the Trickster
  7237 | D:5      | Reached skill level 1 in Invocations
  7994 | D:6      | Reached skill level 11 in Long Blades
  8075 | D:6      | Reached XP level 9. HP: 41/49 MP: 11/11
  9218 | D:7      | Reached skill level 5 in Invocations
  9829 | D:7      | HP: 1/49 [poisoned by a gnoll sergeant]
  9830 | D:7      | Succumbed to a gnoll sergeant's poison

Illustrated notes

Levels and vault maps discovered:
D:1:      amcnicky_arrival_wind_blow, layout_rooms,
          hellmonk_ecumenical_altar_crossroads, chequers_serial_rivers_room_b,
          st_stairs_10
D:2:      layout_loops_ring, serial_rivers, chequers_serial_rivers_micro_b,
          chequers_serial_rivers_small_b, chequers_serial_rivers_room_a,
          chequers_serial_rivers_marsh, chequers_serial_rivers_micro_e,
          uniq_crazy_yiuf_cottage
D:3:      layout_basic, serial_shops, shop, minmay_vboxes
D:4:      kennysheep_kobold_camp, layout_layer_cave,
          nicolae_yredelemnul_corpse_copse, gammafunk_ghost_arena
D:5:      layout_rooms, lemuel_tele_altar, nicolae_tso_carved_into_rock,
          trog_ov_bears_minmay, ebering_ghost_sewer_f,
          chequers_serial_rivers_room_b, roderic_serpentine_path, uniq_menkaure
D:6:      minmay_octagon_keep, layout_layer_cave, lemuel_round_altar,
          nicolae_overflow_crystal_walls, temple_doors_e
D:7:      layout_loops_corners, serial_glass, glass_columns_a, glass_columns_a,
          glass_columns_c, glass_columns_a, glass_columns_a, glass_columns_b,
          glass_columns_a, glass_columns_a, minmay_misc_feat_alley
Temple:   cyrus_circular_temple

Skill      XL: |  1  2  3  4  5  6  7  8  9 |
---------------+----------------------------+-----
Long Blades    | 3 4 5 6 7 9 11 | 11.4
Invocations    | 3 5 |  5.3
Fighting       | |  2.6
Armour         | |  2.4
Shields        | |  2.6

Action                   |  1- 3 |  4- 6 |  7- 9 || total
-------------------------+-------+-------+-------++-------
Melee: Long sword        |   126 |   243 |   322 ||   691
       Bite              |    16 |    32 |    47 ||    95
Throw: Dart              |       |       |    32 ||    32
 Abil: Exsanguinate      |       |       |     3 ||     3
       Revivify          |       |       |     3 ||     3
Evoke: Wand              |       |       |     4 ||     4
  Use: Scroll            |       |     4 |       ||     4
       Potion            |       |       |     1 ||     1
Armor: Scale mail        |    59 |   209 |   116 ||   384
       Steam dragon scal |       |       |    45 ||    45
Dodge: Dodged            |    34 |   114 |    86 ||   234
Block: Kite shield       |    71 |   141 |   160 ||   372
       Rpst.: Long sword |    11 |    34 |    27 ||    72

Table legend: (Time is in decaauts)
 A = Elapsed time spent in this place.
 B = Non-inter-level travel time spent in this place.
 C = Inter-level travel time spent in this place.
 D = Time resting spent in this place.
 E = Time spent auto-exploring this place.
 F = Levels seen in this place.
 G = Mean time per level.
                   A        B        C        D        E       F      G
               +--------+--------+--------+--------+--------+-----+--------+
         Total |  10055 |   9618 |    437 |    505 |   6161 |   8 | 1256.9 |
       Dungeon |   9985 |   9548 |    437 |    505 |   6117 |   7 | 1426.4 |
        Temple |     70 |     70 |      0 |      0 |     44 |   1 |   70.0 |
               +--------+--------+--------+--------+--------+-----+--------+

Top non-repeatable levels by time:
     D:6: 2291 daAuts
     D:5: 2093 daAuts
     D:4: 1864 daAuts
     D:3: 1303 daAuts
     D:2: 1144 daAuts
     D:1: 755 daAuts
     D:7: 531 daAuts
  Temple: 70 daAuts
